AAA
BAKERSFIELD CANNONS @ DES PLAINES GOLDEN HEROES
04/23/2060
 
TOP OF THE 1ST
Bakersfield Cannons batting - Pitching for Des Plaines Golden Heroes : LHP Jamal Johnson
Pitching: LHP Jamal Johnson
Batting: RHB Damon Squyres 0-0: Ball
1-0: Ball
2-0: Called Strike
2-1: Ball
3-1: Base on Balls
Batting: RHB Adan Natoli 0-0: Ball
1-0: Ball
2-0: Called Strike
2-1: Ball
3-1: Base on Balls
Damon Squyres to second
Batting: RHB Kaileb Romero 0-0: Ball
1-0: Called Strike
1-1: Fly out, F7 (Flyball, 78D, EV 86.2 MPH)
Batting: RHB Jake Christensen 0-0: Called Strike
0-1: Called Strike
0-2: Ball
1-2: Strikes out swinging
Batting: RHB Turk Dorey 0-0: Ball
1-0: Ball
2-0: Ball
3-0: Called Strike
3-1: Called Strike
3-2: Strikes out looking
Top of the 1st over - 0 runs, 0 hits, 0 errors, 2 left on base; Bakersfield 0 - Des Plaines 0
BOTTOM OF THE 1ST
Des Plaines Golden Heroes batting - Pitching for Bakersfield Cannons : RHP Tucker Scoggins
Pitching: RHP Tucker Scoggins
Batting: RHB Donovan Butler 0-0: SINGLE (Line Drive, 4MD, EV 101.9 MPH)
Batting: RHB Ralph Neben 0-0: Ball
1-0: Foul Ball, location: 2F
1-1: Swinging Strike
1-2: Ball
2-2: Strikes out looking
Batting: RHB Garick Ocasio 0-0: Ball
1-0: Ball
2-0: Ball
3-0: Base on Balls
Donovan Butler to second
Batting: LHB Josh Valentine 0-0: Ball
1-0: Called Strike
1-1: Ball
2-1: Swinging Strike
2-2: Grounds into double play, 4-6-3 (Groundball, 4, EV 108.1 MPH)
Bottom of the 1st over - 0 runs, 1 hit, 0 errors, 1 left on base; Bakersfield 0 - Des Plaines 0
TOP OF THE 2ND
Bakersfield Cannons batting - Pitching for Des Plaines Golden Heroes : LHP Jamal Johnson
Batting: LHB Melchior Werth 0-0: Ball
1-0: Foul Ball, location: 2F
1-1: Called Strike
1-2: Ground out 3-1 (Groundball, 34S, EV 67.5 MPH)
Batting: RHB Zack Simmons 0-0: Ground out 6-3 (Groundball, 6, EV 76.9 MPH)
Batting: LHB Logan Laughlin 0-0: Swinging Strike
0-1: Called Strike
0-2: Ball
1-2: Ball
2-2: Ball
3-2: Base on Balls
Batting: RHB Langdon Bushey 0-0: Called Strike
0-1: SINGLE (Line Drive, 56, EV 96.9 MPH)
Logan Laughlin to second
Batting: RHB Damon Squyres 0-0: Ball
1-0: Called Strike
1-1: Ball
2-1: Ball
3-1: Called Strike
3-2: Foul Ball, location: 2F
3-2: Base on Balls
Logan Laughlin to third
Langdon Bushey to second
Batting: RHB Adan Natoli 0-0: Called Strike
0-1: Ball
1-1: Foul Ball, location: 2F
1-2: Ball
2-2: Fielders Choice at 2nd, 6-4 (Groundball, 6, EV 96.9 MPH)
Top of the 2nd over - 0 runs, 1 hit, 0 errors, 3 left on base; Bakersfield 0 - Des Plaines 0
BOTTOM OF THE 2ND
Des Plaines Golden Heroes batting - Pitching for Bakersfield Cannons : RHP Tucker Scoggins
Batting: LHB Preston Haertel 0-0: Ball
1-0: Ball
2-0: Ball
3-0: Called Strike
3-1: Foul Ball, location: 2F
3-2: Fly out, F7 (Line Drive, 78D, EV 85.6 MPH)
Batting: LHB Jedediah Hernandez 0-0: Bunt missed!
0-1: Called Strike
0-2: Ground out U3 (Groundball, 3, EV 109.4 MPH)
Batting: RHB Dorsey Brewer 0-0: Called Strike
0-1: TRIPLE (Flyball, 89XD, EV 104.4 MPH)
Batting: RHB Armand Carandini 0-0: Called Strike
0-1: Ball
1-1: Ball
2-1: Ball
3-1: Base on Balls
Batting: RHB Phil Phillips 0-0: Called Strike
0-1: Foul Ball, location: 2F
0-2: Ball
1-2: Foul Ball, location: 2F
1-2: Strikes out swinging
Bottom of the 2nd over - 0 runs, 1 hit, 0 errors, 2 left on base; Bakersfield 0 - Des Plaines 0
TOP OF THE 3RD
Bakersfield Cannons batting - Pitching for Des Plaines Golden Heroes : LHP Jamal Johnson
Batting: RHB Kaileb Romero 0-0: Foul Ball, location: 2F
0-1: Ball
1-1: Swinging Strike
1-2: Strikes out swinging
Batting: RHB Jake Christensen 0-0: Ball
1-0: Called Strike
1-1: Ball
2-1: Ball
3-1: Foul Ball, location: 2F
3-2: Ground out 4-3 (Groundball, 4, EV 86.9 MPH)
Batting: RHB Turk Dorey 0-0: Called Strike
0-1: Ball
1-1: Ground out 5-3 (Groundball, 56, EV 104.4 MPH)
Top of the 3rd over - 0 runs, 0 hits, 0 errors, 0 left on base; Bakersfield 0 - Des Plaines 0
BOTTOM OF THE 3RD
Des Plaines Golden Heroes batting - Pitching for Bakersfield Cannons : RHP Tucker Scoggins
Batting: RHB Donovan Butler 0-0: Ball
1-0: Ball
2-0: Ball
3-0: Called Strike
3-1: Base on Balls
Batting: RHB Ralph Neben 0-0: Called Strike
0-1: DOUBLE (Line Drive, 78M, EV 102.5 MPH)
Donovan Butler to third
Batting: RHB Garick Ocasio 0-0: Ball
1-0: Ball
2-0: Ball
3-0: Base on Balls
Batting: LHB Josh Valentine 0-0: Called Strike
0-1: Called Strike
0-2: Foul Ball, location: 2F
0-2: Foul Ball, location: 2F
0-2: Ball
1-2: Grounds out, U3 (Groundball, 3L, EV 81.2 MPH)
Donovan Butler scores
Ralph Neben to third
Batting: LHB Preston Haertel 0-0: Ball
1-0: Fly out, F9 (Line Drive, 9, EV 95.0 MPH)
Runner from 3rd tags up, SCORES, throw by RF
Garick Ocasio to third
Batting: LHB Jedediah Hernandez 0-0: Ball
1-0: Ball
2-0: Foul Ball, location: 2F
2-1: Ball
3-1: Called Strike
3-2: Base on Balls
Batting: RHB Dorsey Brewer 0-0: Ball
1-0: Ball
2-0: Called Strike
2-1: Swinging Strike
2-2: Fielders Choice at 2nd, 6-4 (Groundball, 6, EV 93.8 MPH)
Bottom of the 3rd over - 2 runs, 1 hit, 0 errors, 2 left on base; Bakersfield 0 - Des Plaines 2
TOP OF THE 4TH
Bakersfield Cannons batting - Pitching for Des Plaines Golden Heroes : LHP Jamal Johnson
Batting: LHB Melchior Werth 0-0: Ball
1-0: Ball
2-0: Called Strike
2-1: Fly out, F7 (Flyball, 7D, EV 103.1 MPH)
Batting: RHB Zack Simmons 0-0: Ball
1-0: Foul Ball, location: 2F
1-1: Called Strike
1-2: SINGLE (Groundball, 34D, EV 103.8 MPH)
Batting: LHB Logan Laughlin 0-0: Ball
1-0: Called Strike
1-1: Called Strike
1-2: Ball
Zack Simmons is caught stealing 2nd base 2-6
2-2: Ball
3-2: Strikes out looking
Top of the 4th over - 0 runs, 1 hit, 0 errors, 0 left on base; Bakersfield 0 - Des Plaines 2
BOTTOM OF THE 4TH
Des Plaines Golden Heroes batting - Pitching for Bakersfield Cannons : RHP Tucker Scoggins
Batting: RHB Armand Carandini 0-0: Called Strike
0-1: Ball
1-1: Foul Ball, location: 2F
1-2: DOUBLE (Line Drive, 78M, EV 108.8 MPH)
Batting: RHB Phil Phillips 0-0: Swinging Strike
0-1: Ball
1-1: Fly out, F4 (Popup, 34S, EV 84.4 MPH)
Batting: RHB Donovan Butler 0-0: Called Strike
0-1: Ball
Armand Carandini steals 3rd base
1-1: Ball
2-1: Ball
3-1: Base on Balls
Batting: RHB Ralph Neben 0-0: Ball
1-0: Ball
2-0: Called Strike
2-1: Called Strike
2-2: Ball
3-2: Foul Ball, location: 2F
3-2: Foul Ball, location: 2F
3-2: Strikes out swinging
Pitching: RHP Graham Hunter
Batting: RHB Garick Ocasio 0-0: Fly out, F8 (Line Drive, 8LD, EV 91.2 MPH)
Bottom of the 4th over - 0 runs, 1 hit, 0 errors, 2 left on base; Bakersfield 0 - Des Plaines 2
TOP OF THE 5TH
Bakersfield Cannons batting - Pitching for Des Plaines Golden Heroes : LHP Jamal Johnson
Batting: RHB Langdon Bushey 0-0: Ball
1-0: Ball
2-0: Swinging Strike
2-1: SINGLE (Groundball, 56D, EV 106.2 MPH)
Batting: RHB Damon Squyres 0-0: Swinging Strike
0-1: Sac Bunt to 23 - play at first, batter OUT! 3-4
Langdon Bushey to second
Batting: RHB Adan Natoli 0-0: Fly out, F9 (Line Drive, 9, EV 89.4 MPH)
Batting: RHB Kaileb Romero 0-0: Swinging Strike
0-1: Ball
1-1: Swinging Strike
1-2: Foul Ball, location: 2F
1-2: Strikes out looking
Top of the 5th over - 0 runs, 1 hit, 0 errors, 1 left on base; Bakersfield 0 - Des Plaines 2
BOTTOM OF THE 5TH
Des Plaines Golden Heroes batting - Pitching for Bakersfield Cannons : RHP Graham Hunter
Batting: LHB Josh Valentine 0-0: Called Strike
0-1: Ball
1-1: Called Strike
1-2: Ball
2-2: Strikes out swinging
Batting: LHB Preston Haertel 0-0: Ball
1-0: Fly out, F4 (Line Drive, 34D, EV 75.6 MPH)
Batting: LHB Jedediah Hernandez 0-0: Foul Ball, location: 2F
0-1: Ball
1-1: Ball
2-1: Called Strike
2-2: Ball
3-2: Base on Balls
Batting: RHB Dorsey Brewer 0-0: Swinging Strike
0-1: Foul Ball, location: 2F
0-2: Ball
1-2: SINGLE (Groundball, 25, EV 65.6 MPH) (infield hit)
Jedediah Hernandez to second
Batting: RHB Armand Carandini 0-0: Fly out, F7 (Flyball, 7LM, EV 95.6 MPH)
Bottom of the 5th over - 0 runs, 1 hit, 0 errors, 2 left on base; Bakersfield 0 - Des Plaines 2
TOP OF THE 6TH
Bakersfield Cannons batting - Pitching for Des Plaines Golden Heroes : LHP Jamal Johnson
Pitching: LHP Tommy Moon
Batting: RHB Jake Christensen 0-0: Foul Ball, location: 2F
0-1: Foul Ball, location: 2F
0-2: Ball
1-2: Strikes out swinging
Batting: RHB Turk Dorey 0-0: SOLO HOME RUN (Flyball, 7D, EV 101.9 MPH), Distance : 408 ft
Batting: LHB Melchior Werth 0-0: Ball
1-0: Ball
2-0: Called Strike
2-1: SINGLE (Groundball, 34D, EV 96.2 MPH)
Batting: RHB Zack Simmons 0-0: Ball
1-0: Ball
2-0: Swinging Strike
2-1: Fly out, F7 (Flyball, 7, EV 91.2 MPH)
Batting: LHB Logan Laughlin 0-0: Foul Ball, location: 2F
0-1: Foul Ball, location: 2F
0-2: Ball
1-2: Foul Ball, location: 2F
1-2: Ball
2-2: SINGLE (Line Drive, 8LS, EV 110.6 MPH)
Melchior Werth to second
Batting: RHB Langdon Bushey 0-0: Ball
1-0: Ball
2-0: Called Strike
2-1: Called Strike
2-2: Ball
3-2: Ground out 4-3 (Groundball, 34, EV 100.6 MPH)
Top of the 6th over - 1 run, 3 hits, 0 errors, 2 left on base; Bakersfield 1 - Des Plaines 2
BOTTOM OF THE 6TH
Des Plaines Golden Heroes batting - Pitching for Bakersfield Cannons : RHP Graham Hunter
Batting: RHB Phil Phillips 0-0: Foul Ball, location: 2F
0-1: Swinging Strike
0-2: Strikes out swinging
Batting: RHB Donovan Butler 0-0: Ground out 6-3 (Groundball, 56, EV 103.1 MPH)
Batting: RHB Ralph Neben 0-0: SINGLE (Groundball, 5S, EV 71.2 MPH) (infield hit)
Batting: RHB Garick Ocasio 0-0: Called Strike
Ralph Neben steals 2nd, throwing error, E2
Ralph Neben to third
0-1: Ball
1-1: Ball
2-1: Foul Ball, location: 2F
2-2: Ball
3-2: Fly out, F9 (Flyball, 89M, EV 74.4 MPH)
Bottom of the 6th over - 0 runs, 1 hit, 1 error, 1 left on base; Bakersfield 1 - Des Plaines 2
TOP OF THE 7TH
Bakersfield Cannons batting - Pitching for Des Plaines Golden Heroes : LHP Tommy Moon
Batting: RHB Damon Squyres 0-0: Ball
1-0: Ball
2-0: Ball
3-0: Called Strike
3-1: SINGLE (Line Drive, 9S, EV 110.6 MPH)
Batting: RHB Adan Natoli 0-0: Grounds into double play, 4-6-3 (Groundball, 34, EV 92.5 MPH)
Batting: RHB Kaileb Romero 0-0: Ball
1-0: Swinging Strike
1-1: Ground out U3 (Groundball, 34, EV 81.9 MPH)
Top of the 7th over - 0 runs, 1 hit, 0 errors, 0 left on base; Bakersfield 1 - Des Plaines 2
BOTTOM OF THE 7TH
Des Plaines Golden Heroes batting - Pitching for Bakersfield Cannons : RHP Graham Hunter
Batting: LHB Josh Valentine 0-0: Called Strike
0-1: DOUBLE (Groundball, 3L, EV 108.8 MPH)
Batting: LHB Preston Haertel 0-0: SINGLE (Groundball, 3D, EV 95.0 MPH)
Josh Valentine to third
Runner from 3rd tries for Home, throw by RF and OUT! 9-2
Preston Haertel to second
Batting: LHB Jedediah Hernandez 0-0: Called Strike
0-1: Ball
1-1: Ball
2-1: DOUBLE (Line Drive, 3D, EV 96.9 MPH)
Preston Haertel scores
Batting: RHB Dorsey Brewer 0-0: Intentional Walk
Batting: RHB Armand Carandini 0-0: Ball
1-0: Called Strike
1-1: Ball
2-1: SINGLE (Line Drive, 9S, EV 98.1 MPH)
Jedediah Hernandez to third
Dorsey Brewer to second
Pitching: RHP Dionte Claridy
Batting: RHB Phil Phillips 0-0: Fly out, F4 (Popup, 3DF, EV 66.2 MPH)
Batting: RHB Donovan Butler 0-0: Ball
1-0: Called Strike
1-1: Called Strike
1-2: Strikes out swinging
Bottom of the 7th over - 1 run, 4 hits, 0 errors, 3 left on base; Bakersfield 1 - Des Plaines 3
TOP OF THE 8TH
Bakersfield Cannons batting - Pitching for Des Plaines Golden Heroes : LHP Tommy Moon
Batting: RHB Jake Christensen 0-0: Ball
1-0: Called Strike
1-1: Swinging Strike
1-2: Ball
2-2: Ball
3-2: Strikes out swinging
Batting: RHB Turk Dorey 0-0: Called Strike
0-1: Swinging Strike
0-2: Ball
1-2: Foul Ball, location: 2F
1-2: Ball
2-2: Foul Ball, location: 2F
2-2: Ball
3-2: Base on Balls
Pitching: RHP Keegan Davies
Batting: LHB Melchior Werth 0-0: Called Strike
0-1: Foul Ball, location: 2F
0-2: Ball
1-2: SINGLE (Groundball, 4D, EV 100.0 MPH)
Turk Dorey to second
Runner from 2nd tries for 3rd, SAFE, throw by CF made to third
Batting: RHB Zack Simmons 0-0: Swinging Strike
0-1: Ball
1-1: Ball
2-1: Swinging Strike
2-2: Strikes out swinging
Batting: LHB Logan Laughlin 0-0: Foul Ball, location: 2F
0-1: Ball
1-1: Foul Ball, location: 2F
1-2: Fly out, F6 (Line Drive, 6, EV 65.0 MPH)
Top of the 8th over - 0 runs, 1 hit, 0 errors, 2 left on base; Bakersfield 1 - Des Plaines 3
BOTTOM OF THE 8TH
Des Plaines Golden Heroes batting - Pitching for Bakersfield Cannons : RHP Dionte Claridy
Batting: RHB Ralph Neben 0-0: Called Strike
0-1: Fly out, F7 (Flyball, 7, EV 93.8 MPH)
Batting: RHB Garick Ocasio 0-0: Ball
1-0: Foul Ball, location: 2F
1-1: Foul Ball, location: 2F
1-2: Ball
2-2: Foul Ball, location: 2F
2-2: SINGLE (Groundball, 6D, EV 96.2 MPH)
Batting: LHB Josh Valentine 0-0: Ball
1-0: Called Strike
1-1: Ball
2-1: Swinging Strike
2-2: Strikes out swinging
Batting: LHB Preston Haertel 0-0: Ball
1-0: Called Strike
1-1: Ball
2-1: Foul Ball, location: 2F
2-2: Strikes out swinging
Bottom of the 8th over - 0 runs, 1 hit, 0 errors, 1 left on base; Bakersfield 1 - Des Plaines 3
TOP OF THE 9TH
Bakersfield Cannons batting - Pitching for Des Plaines Golden Heroes : RHP Keegan Davies
Batting: RHB Langdon Bushey 0-0: Ball
1-0: Foul Ball, location: 2F
1-1: Foul Ball, location: 2F
1-2: Ball
2-2: Strikes out swinging
Batting: RHB Damon Squyres 0-0: Ball
1-0: Ball
2-0: Ball
3-0: Foul Ball, location: 2F
3-1: Called Strike
3-2: Strikes out swinging
Batting: RHB Adan Natoli 0-0: Called Strike
0-1: Called Strike
0-2: Ball
1-2: Ball
2-2: Strikes out swinging
Top of the 9th over - 0 runs, 0 hits, 0 errors, 0 left on base; Bakersfield 1 - Des Plaines 3
Monday, April 29th , 2024 - OOTP Baseball 23.10 Build 110